Blackhawks vs Capitals

Created - April 22, 2019 at 23:11

Goals
1 2 3 T
Blackhawks 2 1 0 3
Capitals 1 0 3 4
Shots
1 2 3 T
Blackhawks 11 4 12 27
Capitals 13 6 16 35

1st period

1. Blackhawks , Antoine Roussel 22 (Bobby Ryan 30, Tyler Johnson 32) at 6:13 (PP)
2. Capitals , Ryan Getzlaf 17 (Brent Burns 40) at 13:54
3. Blackhawks , Tyler Johnson 22 (Lasse Kukkonen 12, Antoine Roussel 39) at 18:34

Penalties :
Joey Ryan (Was) for Elbowing (Minor) at 5:39, Zac Rinaldo (Chi) for Hooking (Minor) at 10:27, Blake Wheeler (Was) for Hooking (Minor) at 14:40, Mike Green (Chi) for Holding Stick (Minor) at 18:45

2nd period

4. Blackhawks , Chris Kreider 29 (Derick Brassard 65, Peter Regin 17) at 7:16

Penalties :
Chris Kreider (Chi) for Hooking (Minor) at 3:01, Jason Pominville (Was) for Holding (Minor) at 7:50, Joe Pavelski (Was) for Hooking (Minor) at 12:55, Lasse Kukkonen (Chi) for Hooking (Minor) at 16:12, Blake Wheeler (Was) for High sticking (Minor) at 19:00

3rd period

5. Capitals , Ondrej Palat 10 (Dan Girardi 11, Joe Pavelski 39) at 1:16
6. Capitals , Joe Thornton 46 (Dan Girardi 12, Jason Pominville 42) at 8:50 (PP)
7. Capitals , Jason Pominville 31 (Linus Omark 9, Joe Thornton 62) at 9:31

Penalties :
Joe Thornton (Was) for Hooking (Minor) at 1:42, Cam Janssen (Chi) for Tripping (Minor) at 7:25, Mike Green (Chi) for Diving (Minor) at 12:32, Mark Stone (Was) for Slashing (Minor) at 19:00

Goalie Stats

Jimmy Howard (Chi), 31 saves from 35 shots - (0.886), L, 25-29-5, 58:45 minutes
Tuukka Rask (Was), 24 saves from 27 shots - (0.889), W, 38-22-2, 60:00 minutes

Players Stats for Blackhawks

Player Name              G  A  P  +/- PIM S  H  SB GA TA FO     MP     PP MP  PK MP  
------------------------------------------------------------------------------------
Antoine Roussel          1  1  2   1  0   4  4  1  0  0  0/0    13:48   5:06   0:00 
Bobby Ryan               0  1  1   1  0   2  1  0  0  0  0/0    13:48   5:06   0:00 
Cam Janssen              0  0  0  -2  2   1  1  0  0  0  0/1    11:56   0:00   1:24 
Chris Kreider            1  0  1   0  2   5  1  1  0  0  0/6    21:08   6:20   3:21 
Daniel Cleary            0  0  0   0  0   1  0  1  0  0  0/0     6:23   0:00   0:00 
Denis Grebeshkov         0  0  0   1  0   0  3  0  1  0  0/0    20:29   4:49   4:23 
Derick Brassard          0  1  1   0  0   1  4  2  0  0  13/24  24:30   6:22   6:40 
Hampus Lindholm          0  0  0   0  0   0  0  1  0  0  0/0    14:48   0:00   3:42 
Joni Pitkanen            0  0  0  -2  0   0  3  1  0  0  0/0    29:08   6:39   7:09 
Kevin Marshall           0  0  0   0  0   0  1  2  0  0  0/0    10:35   0:00   0:00 
Lasse Kukkonen           0  1  1   1  2   0  1  0  1  0  0/0    18:59   4:49   3:04 
Mason Raymond            0  0  0   0  0   0  1  0  0  0  0/0     6:53   0:00   0:30 
Mike Green               0  0  0  -2  4   1  1  5  1  0  0/0    26:12   6:39   4:22 
Peter Regin              0  1  1  -2  0   5  2  0  0  0  3/8    10:36   0:02   0:00 
Rick Nash                0  0  0   0  0   0  2  0  1  0  6/13   24:14   6:20   6:37 
Tomas Fleischmann        0  0  0  -2  0   0  2  0  0  1  2/2    10:36   0:02   0:00 
Tyler Johnson            1  1  2   1  0   5  1  0  0  2  4/8    18:07   5:06   4:08 
Zac Rinaldo              0  0  0   0  2   2  0  0  0  0  0/0     6:24   0:00   0:00 

Players Stats for Capitals

Player Name              G  A  P  +/- PIM S  H  SB GA TA FO     MP     PP MP  PK MP  
------------------------------------------------------------------------------------
Blake Wheeler            0  0  0   1  4   0  0  0  0  1  0/0    10:38   0:05   1:31 
Brent Burns              0  1  1   1  0   3  2  3  1  1  0/0    29:50   7:14   6:29 
Dan Girardi              0  2  2   0  0   1  1  0  0  0  0/0    21:02   4:06   4:59 
David Krejci             0  0  0  -1  0   1  1  0  0  0  2/3    10:26   0:31   1:59 
Duncan Keith             0  0  0   1  0   2  1  0  0  0  0/0    29:50   7:14   6:29 
Jason Pominville         1  1  2   1  2   5  0  0  1  0  3/6    24:03   6:54   5:21 
Joe Pavelski             0  1  1   1  2   5  0  1  0  1  1/2    16:25   4:00   2:19 
Joe Thornton             1  1  2   1  2   3  1  0  0  0  16/33  23:48   6:54   5:12 
Joey Ryan                0  0  0   0  2   1  0  2  0  0  0/0     9:07   0:00   0:00 
Linus Omark              0  1  1   1  0   1  0  1  0  0  1/1    15:41   4:21   0:00 
Mark Stone               0  0  0  -1  2   0  0  0  0  0  0/0     7:09   0:00   0:00 
Matt Carle               0  0  0   0  0   0  2  1  0  0  0/0    21:02   4:06   4:59 
Mike Cammalleri          0  0  0   0  0   5  1  1  0  0  0/1    16:50   6:14   1:19 
Mikko Koivu              0  0  0   0  0   0  1  0  0  0  3/5    10:09   1:03   0:40 
Morgan Rielly            0  0  0   0  0   1  0  0  0  0  0/0     9:08   0:00   0:00 
Ondrej Palat             1  0  1   1  0   1  0  0  0  0  1/2    12:54   0:00   4:35 
Ryan Getzlaf             1  0  1   0  0   5  3  0  1  1  7/9    13:13   3:58   0:00 
Scott Parse              0  0  0  -1  0   1  0  0  0  0  0/0     7:10   0:00   0:00 

3 Stars

1 - Antoine Roussel (Chi)
2 - Tyler Johnson (Chi)
3 - Joe Thornton (Was)

Power Play

Blackhawks - 1 on 7 Attempt(s) - 14.29%
Capitals - 1 on 6 Attempt(s) - 16.67%

Penalty Kill

Blackhawks - 5 on 6 Attempt(s) - 83.33% - Score 0 goal in Penalty Kill
Capitals - 6 on 7 Attempt(s) - 85.71% - Score 0 goal in Penalty Kill

Team Stat

Blackhawks - Hits : 28 - Faceoff Wins : 28 - Blocked Shots : 14 - Penalty Minutes : 12
Capitals - Hits : 13 - Faceoff Wins : 34 - Blocked Shots : 9 - Penalty Minutes : 14

Official

Referees : Unknown
Linesman : Unknown

Game Notes

13:54 of 1st period - Capitals goal is going for a video replay. After video review, Goal.

Finance

Level 1 -- Attendance: 6000 (100.00%) -- Ticket Income $492,000
Level 2 -- Attendance: 5000 (100.00%) -- Ticket Income $235,000
Level 3 -- Attendance: 1900 (95.00%) -- Ticket Income $60,800
Level 4 -- Attendance: 3735 (93.38%) -- Ticket Income $78,435
Luxury Box -- Attendance: 784 (78.40%) -- Ticket Income $131,712
Game was played at the Verizon Center.
Total Attendance: 17419 (96.77%)
Total Ticket Income: $997,947
Other Income: $149,692
Total Income: $1,147,639

Blackhawks

5 vs 5 Forward 
   Center                   Left Wing                Right Wing               Time % Phy DF OF 
 1 Derick Brassard          Chris Kreider            Rick Nash                40     1   2  2  
 2 Tyler Johnson            Antoine Roussel          Bobby Ryan               30     1   2  2  
 3 Peter Regin              Tomas Fleischmann        Cam Janssen              20     1   2  2  
 4 Zac Rinaldo              Mason Raymond            Daniel Cleary            10     1   2  2  

5 vs 5 Defense 
   Defense                  Defense                                           Time % Phy DF OF 
 1 Mike Green               Joni Pitkanen                                     40     1   2  2  
 2 Denis Grebeshkov         Lasse Kukkonen                                    30     1   2  2  
 3 Kevin Marshall           Hampus Lindholm                                   20     1   2  2  
 4 Mike Green               Joni Pitkanen                                     10     1   2  2  

PowerPlay Forward 
   Center                   Left Wing                Right Wing               Time % Phy DF OF 
 1 Derick Brassard          Chris Kreider            Rick Nash                60     1   2  2  
 2 Tyler Johnson            Antoine Roussel          Bobby Ryan               40     1   2  2  

PowerPlay Defense
   Defense                  Defense                                           Time % Phy DF OF 
 1 Mike Green               Joni Pitkanen                                     60     1   2  2  
 2 Denis Grebeshkov         Lasse Kukkonen                                    40     1   2  2  

Penalty Kill 4 Players Forward 
   Center                   Wing                     Time % Phy DF OF 
 1 Rick Nash                Derick Brassard          60     1   2  2  
 2 Tyler Johnson            Chris Kreider            40     1   2  2  

Penalty Kill 4 Players Defense
   Defense                  Defense                  Time % Phy DF OF 
 1 Mike Green               Joni Pitkanen            60     1   2  2  
 2 Denis Grebeshkov         Lasse Kukkonen           40     1   2  2  

Penalty Kill - 3 Players Forward 
   Forward                                           Time % Phy DF OF 
 1 Rick Nash                                         60     1   2  2  
 2 Derick Brassard                                   40     1   2  2  

Penalty Kill - 3 Players Defense
   Defense                  Defense                  Time % Phy DF OF 
 1 Mike Green               Joni Pitkanen            60     1   2  2  
 2 Denis Grebeshkov         Lasse Kukkonen           40     1   2  2  

4 vs 4 Forward 
   Center                   Wing                     Time % Phy DF OF 
 1 Rick Nash                Derick Brassard          60     1   2  2  
 2 Tyler Johnson            Chris Kreider            40     1   2  2  

4 vs 4 Defense
   Defense                  Defense                  Time % Phy DF OF 
 1 Mike Green               Joni Pitkanen            60     1   2  2  
 2 Denis Grebeshkov         Lasse Kukkonen           40     1   2  2  

Last Minutes Offensive
   Center                   Left Wing                Right Wing               Defense                  Defense                  
   Derick Brassard          Chris Kreider            Rick Nash                Mike Green               Joni Pitkanen            

Last Minutes Defensive
   Center                   Left Wing                Right Wing               Defense                  Defense                  
   Derick Brassard          Chris Kreider            Rick Nash                Mike Green               Joni Pitkanen            

Goaltenders
Starting : Jimmy Howard             
Backup : Al Montoya               

Extra Forwards
Normal : Peter Regin, Tomas Fleischmann, Cam Janssen - PP : Peter Regin, Tomas Fleischmann - PK : Cam Janssen
Extra Defensemen
Normal : Kevin Marshall, Hampus Lindholm, Denis Grebeshkov - PP : Kevin Marshall - PK : Hampus Lindholm, Denis Grebeshkov
Penalty Shots
Rick Nash, Derick Brassard, Tyler Johnson, Chris Kreider, Bobby Ryan

Scratches
Craig Cunningham (Healthy), Carl Hagelin (Healthy)

Capitals

5 vs 5 Forward 
   Center                   Left Wing                Right Wing               Time % Phy DF OF 
 1 Joe Thornton             Linus Omark              Jason Pominville         40     1   2  2  
 2 Ryan Getzlaf             Mike Cammalleri          Joe Pavelski             30     1   2  2  
 3 Mikko Koivu              Ondrej Palat             Blake Wheeler            20     1   2  2  
 4 David Krejci             Scott Parse              Mark Stone               10     1   2  2  

5 vs 5 Defense 
   Defense                  Defense                                           Time % Phy DF OF 
 1 Brent Burns              Duncan Keith                                      40     1   2  2  
 2 Matt Carle               Dan Girardi                                       30     1   2  2  
 3 Joey Ryan                Morgan Rielly                                     20     1   2  2  
 4 Brent Burns              Duncan Keith                                      10     1   2  2  

PowerPlay Forward 
   Center                   Left Wing                Right Wing               Time % Phy DF OF 
 1 Joe Thornton             Mike Cammalleri          Jason Pominville         60     1   2  2  
 2 Ryan Getzlaf             Linus Omark              Joe Pavelski             40     1   2  2  

PowerPlay Defense
   Defense                  Defense                                           Time % Phy DF OF 
 1 Brent Burns              Duncan Keith                                      60     1   2  2  
 2 Matt Carle               Dan Girardi                                       40     1   2  2  

Penalty Kill 4 Players Forward 
   Center                   Wing                     Time % Phy DF OF 
 1 Jason Pominville         Joe Thornton             60     1   2  2  
 2 Joe Pavelski             Blake Wheeler            40     1   2  2  

Penalty Kill 4 Players Defense
   Defense                  Defense                  Time % Phy DF OF 
 1 Brent Burns              Duncan Keith             60     1   2  2  
 2 Matt Carle               Dan Girardi              40     1   2  2  

Penalty Kill - 3 Players Forward 
   Forward                                           Time % Phy DF OF 
 1 Jason Pominville                                  60     1   2  2  
 2 Joe Thornton                                      40     1   2  2  

Penalty Kill - 3 Players Defense
   Defense                  Defense                  Time % Phy DF OF 
 1 Brent Burns              Duncan Keith             60     1   2  2  
 2 Matt Carle               Dan Girardi              40     1   2  2  

4 vs 4 Forward 
   Center                   Wing                     Time % Phy DF OF 
 1 Jason Pominville         Joe Thornton             60     1   2  2  
 2 Joe Pavelski             Blake Wheeler            40     1   2  2  

4 vs 4 Defense
   Defense                  Defense                  Time % Phy DF OF 
 1 Brent Burns              Duncan Keith             60     1   2  2  
 2 Matt Carle               Dan Girardi              40     1   2  2  

Last Minutes Offensive
   Center                   Left Wing                Right Wing               Defense                  Defense                  
   Joe Thornton             Mike Cammalleri          Jason Pominville         Brent Burns              Duncan Keith             

Last Minutes Defensive
   Center                   Left Wing                Right Wing               Defense                  Defense                  
   Joe Thornton             Mike Cammalleri          Jason Pominville         Brent Burns              Duncan Keith             

Goaltenders
Starting : Tuukka Rask              
Backup : Mike Smith               

Extra Forwards
Normal : Mikko Koivu, David Krejci, Ondrej Palat - PP : Mikko Koivu, David Krejci - PK : Ondrej Palat
Extra Defensemen
Normal : Joey Ryan, Morgan Rielly, Matt Carle - PP : Joey Ryan - PK : Morgan Rielly, Matt Carle
Penalty Shots
Jason Pominville, Joe Thornton, Joe Pavelski, Blake Wheeler, Ryan Getzlaf

Scratches
Victor Hedman (Sprained Right Ankle Injury)

% Time on Ice - Blackhawks

Lines # - Real PCT - Wanted PCT - Time Play
Normal Forward
1 - 31% - 40% - 11:25
2 - 24% - 30% - 8:46
3 - 28% - 20% - 10:28
4 - 17% - 10% - 6:23
Normal Defense
1 - 40% - 40% - 14:58
2 - 30% - 30% - 11:07
3 - 28% - 20% - 10:25
4 - 1% - 10% - 0:32
PP Forward
1 - 56% - 60% - 6:22
2 - 44% - 40% - 5:06
PP Defense
1 - 58% - 60% - 6:39
2 - 42% - 40% - 4:49
PK Forward
1 - 71% - 60% - 8:02
2 - 29% - 40% - 3:18
PK Defense
1 - 66% - 60% - 7:28
2 - 34% - 40% - 3:52
PK3 Forward
1 - 0% - 60%
2 - 0% - 40%
PK3 Defense
1 - 0% - 60%
2 - 0% - 40%
44 Forward
1 - 0% - 60%
2 - 0% - 40%
44 Defense
1 - 0% - 60%
2 - 0% - 40%
Last Minute Offensive  - 0:10
Last Minute Defensive  - 0:00
Total
Forward - 60:00
Defense - 60:00

% Time on Ice - Capitals

Lines # - Real PCT - Wanted PCT - Time Play
Normal Forward
1 - 32% - 40% - 11:53
2 - 27% - 30% - 10:08
3 - 22% - 20% - 8:01
4 - 19% - 10% - 7:10
Normal Defense
1 - 41% - 40% - 15:24
2 - 32% - 30% - 11:57
3 - 25% - 20% - 9:08
4 - 2% - 10% - 0:43
PP Forward
1 - 62% - 60% - 6:59
2 - 38% - 40% - 4:21
PP Defense
1 - 64% - 60% - 7:14
2 - 36% - 40% - 4:06
PK Forward
1 - 73% - 60% - 8:23
2 - 27% - 40% - 3:05
PK Defense
1 - 57% - 60% - 6:29
2 - 43% - 40% - 4:59
PK3 Forward
1 - 0% - 60%
2 - 0% - 40%
PK3 Defense
1 - 0% - 60%
2 - 0% - 40%
44 Forward
1 - 0% - 60%
2 - 0% - 40%
44 Defense
1 - 0% - 60%
2 - 0% - 40%
Last Minute Offensive  - 0:00
Last Minute Defensive  - 0:00
Total
Forward - 60:00
Defense - 60:00

Play-by-Play

1st period


0:01 of 1st period - Joe Thornton wins face-off versus Derick Brassard in neutral zone.
0:06 of 1st period - Slapshot by Brent Burns.
0:06 of 1st period - Stopped by Jimmy Howard with a rebound.
0:49 of 1st period - Wrist shot by David Krejci.
0:49 of 1st period - Shot Misses the Net.
0:55 of 1st period - Mark Stone is hit by Lasse Kukkonen and loses puck.
1:21 of 1st period - Wrist shot by Scott Parse.
1:21 of 1st period - Stopped by Jimmy Howard with a rebound.
2:26 of 1st period - Joey Ryan is hit by Rick Nash and loses puck.
2:31 of 1st period - Snap shot by Chris Kreider.
2:31 of 1st period - Shot Misses the Net.
2:33 of 1st period - Snap shot by Hampus Lindholm.
2:33 of 1st period - Deflect By Derick Brassard.
2:33 of 1st period - Shot Blocked by Joe Pavelski.
2:33 of 1st period - Puck is out of play.
2:34 of 1st period - Tomas Fleischmann wins face-off versus Mikko Koivu in Capitals zone.
2:39 of 1st period - Wrist shot by Tomas Fleischmann.
2:39 of 1st period - Shot Misses the Net.
3:54 of 1st period - Wrist shot by Mason Raymond.
3:54 of 1st period - Shot Misses the Net.
3:58 of 1st period - Slapshot by Zac Rinaldo.
3:58 of 1st period - Stopped by Tuukka Rask with a rebound.
4:00 of 1st period - Slapshot by Mike Green.
4:00 of 1st period - Stopped by Tuukka Rask without a rebound.
4:01 of 1st period - Tyler Johnson wins face-off versus Joe Thornton in Capitals zone.
4:08 of 1st period - Snap shot by Tyler Johnson.
4:08 of 1st period - Shot Blocked by Linus Omark.
4:10 of 1st period - Snap shot by Tyler Johnson.
4:10 of 1st period - Stopped by Tuukka Rask without a rebound.
4:11 of 1st period - Joe Thornton wins face-off versus Tyler Johnson in Capitals zone.
4:15 of 1st period - Duncan Keith is hit by Denis Grebeshkov and loses puck.
4:55 of 1st period - Wrist shot by Antoine Roussel.
4:55 of 1st period - Stopped by Tuukka Rask without a rebound.
4:56 of 1st period - Ryan Getzlaf wins face-off versus Chris Kreider in Capitals zone.
5:03 of 1st period - Kevin Marshall is hit by Mike Cammalleri and loses puck.
5:08 of 1st period - Snap shot by Ryan Getzlaf.
5:08 of 1st period - Shot Misses the Net.
5:22 of 1st period - David Krejci is hit by Peter Regin and loses puck.
5:29 of 1st period - Wrist shot by Peter Regin.
5:29 of 1st period - Shot Misses the Net.
5:39 of 1st period - Minor Penalty to Joey Ryan for Elbowing.
5:40 of 1st period - Derick Brassard wins face-off versus Jason Pominville in Capitals zone.
5:43 of 1st period - Wrist shot by Derick Brassard.
5:43 of 1st period - Shot Misses the Net.
5:55 of 1st period - Snap shot by Derick Brassard.
5:55 of 1st period - Shot Misses the Net.
6:13 of 1st period - Wrist shot by Antoine Roussel.
6:13 of 1st period - Goal by Antoine Roussel - Blackhawks : 1 - Capitals : 0.
6:14 of 1st period - Ryan Getzlaf wins face-off versus Chris Kreider in neutral zone.
6:23 of 1st period - Snap shot by Joe Pavelski.
6:23 of 1st period - Shot Misses the Net.
6:25 of 1st period - Snap shot by Brent Burns.
6:25 of 1st period - Shot Hit the Post.
6:27 of 1st period - Slapshot by Brent Burns.
6:27 of 1st period - Stopped by Jimmy Howard with a rebound.
6:29 of 1st period - Backhand shot by Brent Burns.
6:29 of 1st period - Stopped by Jimmy Howard without a rebound.
6:30 of 1st period - Joe Thornton wins face-off versus Peter Regin in Blackhawks zone.
7:01 of 1st period - Wrist shot by Chris Kreider.
7:01 of 1st period - Shot Misses the Net.
7:06 of 1st period - Off-side.
7:07 of 1st period - Derick Brassard wins face-off versus Joe Thornton in neutral zone.
7:36 of 1st period - Slapshot by Bobby Ryan.
7:36 of 1st period - Stopped by Tuukka Rask with a rebound.
7:38 of 1st period - Slapshot by Antoine Roussel.
7:38 of 1st period - Stopped by Tuukka Rask without a rebound.
7:39 of 1st period - Ryan Getzlaf wins face-off versus Tyler Johnson in Capitals zone.
7:39 of 1st period - Ryan Getzlaf is hit by Tyler Johnson.
7:47 of 1st period - Snap shot by Mike Cammalleri.
7:47 of 1st period - Stopped by Jimmy Howard with a rebound.
7:49 of 1st period - Slapshot by Brent Burns.
7:49 of 1st period - Shot Blocked by Kevin Marshall.
7:51 of 1st period - Slapshot by Duncan Keith.
7:51 of 1st period - Shot Blocked by Antoine Roussel.
8:03 of 1st period - Joe Pavelski is hit by Antoine Roussel and loses puck.
8:30 of 1st period - Wrist shot by Ryan Getzlaf.
8:30 of 1st period - Shot Misses the Net.
8:34 of 1st period - Slapshot by Ryan Getzlaf.
8:34 of 1st period - Shot Misses the Net.
9:30 of 1st period - Wrist shot by Joe Pavelski.
9:30 of 1st period - Stopped by Jimmy Howard with a rebound.
9:32 of 1st period - Snap shot by Brent Burns.
9:32 of 1st period - Shot Misses the Net.
9:38 of 1st period - Slapshot by Mike Cammalleri.
9:38 of 1st period - Stopped by Jimmy Howard without a rebound.
9:39 of 1st period - Derick Brassard wins face-off versus Joe Thornton in Blackhawks zone.
10:12 of 1st period - Snap shot by Blake Wheeler.
10:12 of 1st period - Shot Misses the Net.
10:14 of 1st period - Slapshot by Morgan Rielly.
10:14 of 1st period - Shot Blocked by Mike Green.
10:27 of 1st period - Minor Penalty to Zac Rinaldo for Hooking.
10:28 of 1st period - Mikko Koivu wins face-off versus Rick Nash in Blackhawks zone.
10:30 of 1st period - Snap shot by Jason Pominville.
10:30 of 1st period - Shot Misses the Net.
10:42 of 1st period - Slapshot by Jason Pominville.
10:42 of 1st period - Stopped by Jimmy Howard without a rebound.
10:43 of 1st period - Joe Thornton wins face-off versus Rick Nash in Blackhawks zone.
10:50 of 1st period - Wrist shot by Jason Pominville.
10:50 of 1st period - Stopped by Jimmy Howard with a rebound.
10:52 of 1st period - Slapshot by Joe Thornton.
10:52 of 1st period - Stopped by Jimmy Howard with a rebound.
10:54 of 1st period - Slapshot by Dan Girardi.
10:54 of 1st period - Shot Blocked by Mike Green.
12:27 of 1st period - Penalty to Zac Rinaldo is over, Zac Rinaldo is back on ice.
12:34 of 1st period - Zac Rinaldo is hit by Mikko Koivu and loses puck.
13:48 of 1st period - Icing by Joni Pitkanen.
13:49 of 1st period - Ryan Getzlaf wins face-off versus Peter Regin in Blackhawks zone.
13:52 of 1st period - Slapshot by Ryan Getzlaf.
13:52 of 1st period - Stopped by Jimmy Howard with a rebound.
13:54 of 1st period - Slapshot by Ryan Getzlaf.
13:54 of 1st period - Capitals goal is going for a video replay.
13:54 of 1st period - The goal is good.
13:54 of 1st period - Goal by Ryan Getzlaf - Blackhawks : 1 - Capitals : 1.
13:55 of 1st period - Derick Brassard wins face-off versus Joe Thornton in neutral zone.
14:21 of 1st period - Blake Wheeler is hit by Antoine Roussel and loses puck.
14:40 of 1st period - Minor Penalty to Blake Wheeler for Hooking.
14:41 of 1st period - Derick Brassard wins face-off versus Joe Thornton in Capitals zone.
14:58 of 1st period - Slapshot by Chris Kreider.
14:58 of 1st period - Shot Misses the Net.
16:40 of 1st period - Penalty to Blake Wheeler is over, Blake Wheeler is back on ice.
16:41 of 1st period - Matt Carle is hit by Antoine Roussel and loses puck.
16:52 of 1st period - David Krejci is hit by Tomas Fleischmann and loses puck.
17:01 of 1st period - Snap shot by Peter Regin.
17:01 of 1st period - Stopped by Tuukka Rask with a rebound.
17:37 of 1st period - Snap shot by Blake Wheeler.
17:37 of 1st period - Deflect By David Krejci.
17:37 of 1st period - Shot Misses the Net.
17:37 of 1st period - Puck is out of play.
17:38 of 1st period - Peter Regin wins face-off versus David Krejci in Blackhawks zone.
18:12 of 1st period - Slapshot by Joe Thornton.
18:12 of 1st period - Shot Misses the Net.
18:30 of 1st period - Wrist shot by Antoine Roussel.
18:30 of 1st period - Deflect By Tyler Johnson.
18:30 of 1st period - Stopped by Tuukka Rask with a rebound.
18:32 of 1st period - Slapshot by Lasse Kukkonen.
18:32 of 1st period - Shot Blocked by Mike Cammalleri.
18:34 of 1st period - Snap shot by Tyler Johnson.
18:34 of 1st period - Goal by Tyler Johnson - Blackhawks : 2 - Capitals : 1.
18:35 of 1st period - Rick Nash wins face-off versus Joe Thornton in neutral zone.
18:45 of 1st period - Minor Penalty to Mike Green for Holding Stick.
18:46 of 1st period - Rick Nash wins face-off versus Joe Thornton in Blackhawks zone.
19:01 of 1st period - Snap shot by Derick Brassard.
19:01 of 1st period - Stopped by Tuukka Rask with a rebound.
19:03 of 1st period - Snap shot by Derick Brassard.
19:03 of 1st period - Shot Misses the Net.
19:14 of 1st period - Off-side.
19:15 of 1st period - Ryan Getzlaf wins face-off versus Tyler Johnson in neutral zone.
19:40 of 1st period - Joni Pitkanen is hit by Ryan Getzlaf and loses puck.
19:45 of 1st period - Slapshot by Ryan Getzlaf.
19:45 of 1st period - Stopped by Jimmy Howard without a rebound.
19:46 of 1st period - Joe Thornton wins face-off versus Rick Nash in Blackhawks zone.
Goals for this period are 2 for Blackhawks vs 1 for Capitals.
Shots for this period are 11 for Blackhawks vs 13 for Capitals.

2nd period


0:01 of 2nd period - Jason Pominville wins face-off versus Rick Nash in neutral zone.
0:04 of 2nd period - Rick Nash is hit by Brent Burns and loses puck.
0:44 of 2nd period - Chris Kreider is hit by Ryan Getzlaf.
0:45 of 2nd period - Penalty to Mike Green is over, Mike Green is back on ice.
1:00 of 2nd period - Slapshot by Tomas Fleischmann.
1:00 of 2nd period - Deflect By Peter Regin.
1:00 of 2nd period - Stopped by Tuukka Rask without a rebound.
1:01 of 2nd period - Derick Brassard wins face-off versus Joe Thornton in Capitals zone.
1:11 of 2nd period - Icing by Brent Burns.
1:12 of 2nd period - Derick Brassard wins face-off versus Joe Thornton in Capitals zone.
1:26 of 2nd period - Icing by Duncan Keith.
1:27 of 2nd period - Joe Thornton wins face-off versus Tyler Johnson in Capitals zone.
2:21 of 2nd period - Lasse Kukkonen is hit by Matt Carle and loses puck.
2:48 of 2nd period - Wrist shot by Daniel Cleary.
2:48 of 2nd period - Shot Blocked by Joey Ryan.
3:01 of 2nd period - Minor Penalty to Chris Kreider for Hooking.
3:02 of 2nd period - Joe Thornton wins face-off versus Rick Nash in Blackhawks zone.
3:28 of 2nd period - Ryan Getzlaf is hit by Joni Pitkanen and loses puck.
5:01 of 2nd period - Penalty to Chris Kreider is over, Chris Kreider is back on ice.
5:10 of 2nd period - Wrist shot by David Krejci.
5:10 of 2nd period - Shot Misses the Net.
6:02 of 2nd period - Morgan Rielly is hit by Antoine Roussel and loses puck.
7:12 of 2nd period - Wrist shot by Derick Brassard.
7:12 of 2nd period - Shot Blocked by Matt Carle.
7:16 of 2nd period - Slapshot by Chris Kreider.
7:16 of 2nd period - Goal by Chris Kreider - Blackhawks : 3 - Capitals : 1.
7:17 of 2nd period - Derick Brassard wins face-off versus Joe Thornton in neutral zone.
7:48 of 2nd period - Wrist shot by Tomas Fleischmann.
7:48 of 2nd period - Shot Blocked by Brent Burns.
7:50 of 2nd period - Minor Penalty to Jason Pominville for Holding.
7:51 of 2nd period - Ondrej Palat wins face-off versus Derick Brassard in Capitals zone.
9:50 of 2nd period - Penalty to Jason Pominville is over, Jason Pominville is back on ice.
10:02 of 2nd period - Wrist shot by Joe Pavelski.
10:02 of 2nd period - Shot Misses the Net.
10:04 of 2nd period - Wrist shot by Joe Pavelski.
10:04 of 2nd period - Stopped by Jimmy Howard with a rebound.
11:42 of 2nd period - Zac Rinaldo is hit by Ryan Getzlaf and loses puck.
12:41 of 2nd period - Brent Burns is hit by Kevin Marshall and loses puck.
12:55 of 2nd period - Minor Penalty to Joe Pavelski for Hooking.
12:56 of 2nd period - Jason Pominville wins face-off versus Chris Kreider in Capitals zone.
13:22 of 2nd period - Denis Grebeshkov is hit by Dan Girardi and loses puck.
14:55 of 2nd period - Penalty to Joe Pavelski is over, Joe Pavelski is back on ice.
15:29 of 2nd period - Wrist shot by Daniel Cleary.
15:29 of 2nd period - Stopped by Tuukka Rask without a rebound.
15:30 of 2nd period - Peter Regin wins face-off versus Joe Thornton in Capitals zone.
15:39 of 2nd period - Snap shot by Peter Regin.
15:39 of 2nd period - Stopped by Tuukka Rask without a rebound.
15:40 of 2nd period - Peter Regin wins face-off versus Joe Thornton in Capitals zone.
15:49 of 2nd period - Snap shot by Peter Regin.
15:49 of 2nd period - Deflect By Cam Janssen.
15:49 of 2nd period - Shot Blocked by Brent Burns.
15:49 of 2nd period - Puck is out of play.
15:50 of 2nd period - Ryan Getzlaf wins face-off versus Derick Brassard in Capitals zone.
16:12 of 2nd period - Minor Penalty to Lasse Kukkonen for Hooking.
16:13 of 2nd period - Rick Nash wins face-off versus Joe Thornton in Blackhawks zone.
17:35 of 2nd period - Wrist shot by Joe Thornton.
17:35 of 2nd period - Shot Blocked by Hampus Lindholm.
17:37 of 2nd period - Snap shot by Joe Thornton.
17:37 of 2nd period - Stopped by Jimmy Howard with a rebound.
17:39 of 2nd period - Wrist shot by Jason Pominville.
17:39 of 2nd period - Shot Misses the Net.
17:41 of 2nd period - Slapshot by Duncan Keith.
17:41 of 2nd period - Stopped by Jimmy Howard with a rebound.
17:43 of 2nd period - Slapshot by Duncan Keith.
17:43 of 2nd period - Shot Blocked by Derick Brassard.
17:45 of 2nd period - Wrist shot by Mike Cammalleri.
17:45 of 2nd period - Stopped by Jimmy Howard with a rebound.
17:47 of 2nd period - Wrist shot by Mike Cammalleri.
17:47 of 2nd period - Stopped by Jimmy Howard without a rebound.
17:48 of 2nd period - Tyler Johnson wins face-off versus Joe Pavelski in Blackhawks zone.
17:57 of 2nd period - Slapshot by Matt Carle.
17:57 of 2nd period - Deflect By Ryan Getzlaf.
17:57 of 2nd period - Stopped by Jimmy Howard with a rebound.
18:03 of 2nd period - Dan Girardi is hit by Mike Green and loses puck.
18:12 of 2nd period - Penalty to Lasse Kukkonen is over, Lasse Kukkonen is back on ice.
18:22 of 2nd period - Slapshot by Hampus Lindholm.
18:22 of 2nd period - Shot Misses the Net.
19:00 of 2nd period - Minor Penalty to Blake Wheeler for High sticking.
19:01 of 2nd period - Joe Pavelski wins face-off versus Derick Brassard in Capitals zone.
19:01 of 2nd period - Joe Pavelski is hit by Derick Brassard.
19:10 of 2nd period - Ondrej Palat is hit by Rick Nash and loses puck.
19:17 of 2nd period - Chris Kreider is hit by Brent Burns and loses puck.
19:28 of 2nd period - Jason Pominville is hit by Joni Pitkanen.
Goals for this period are 1 for Blackhawks vs 0 for Capitals.
Shots for this period are 4 for Blackhawks vs 6 for Capitals.

3rd period


0:01 of 3rd period - Derick Brassard wins face-off versus Jason Pominville in neutral zone.
0:12 of 3rd period - Snap shot by Chris Kreider.
0:12 of 3rd period - Shot Misses the Net.
1:00 of 3rd period - Penalty to Blake Wheeler is over, Blake Wheeler is back on ice.
1:04 of 3rd period - Snap shot by Joe Pavelski.
1:04 of 3rd period - Stopped by Jimmy Howard with a rebound.
1:16 of 3rd period - Slapshot by Ondrej Palat.
1:16 of 3rd period - Goal by Ondrej Palat - Blackhawks : 3 - Capitals : 2.
1:17 of 3rd period - Joe Thornton wins face-off versus Derick Brassard in neutral zone.
1:22 of 3rd period - Joni Pitkanen is hit by Duncan Keith and loses puck.
1:42 of 3rd period - Minor Penalty to Joe Thornton for Hooking.
1:43 of 3rd period - Derick Brassard wins face-off versus Jason Pominville in Capitals zone.
1:56 of 3rd period - Wrist shot by Derick Brassard.
1:56 of 3rd period - Shot Blocked by Brent Burns.
3:08 of 3rd period - Duncan Keith is hit by Derick Brassard and loses puck.
3:23 of 3rd period - Tyler Johnson is hit by David Krejci and loses puck.
3:42 of 3rd period - Penalty to Joe Thornton is over, Joe Thornton is back on ice.
3:46 of 3rd period - Mike Cammalleri is hit by Tomas Fleischmann.
3:50 of 3rd period - Snap shot by Jason Pominville.
3:50 of 3rd period - Shot Misses the Net.
3:52 of 3rd period - Slapshot by Morgan Rielly.
3:52 of 3rd period - Deflect By Mason Raymond.
3:52 of 3rd period - Stopped by Jimmy Howard with a rebound.
4:02 of 3rd period - Wrist shot by Jason Pominville.
4:02 of 3rd period - Stopped by Jimmy Howard with a rebound.
4:04 of 3rd period - Slapshot by Joey Ryan.
4:04 of 3rd period - Stopped by Jimmy Howard without a rebound.
4:05 of 3rd period - David Krejci wins face-off versus Peter Regin in Blackhawks zone.
5:08 of 3rd period - Slapshot by Dan Girardi.
5:08 of 3rd period - Stopped by Jimmy Howard without a rebound.
5:09 of 3rd period - David Krejci wins face-off versus Derick Brassard in Blackhawks zone.
5:22 of 3rd period - Wrist shot by David Krejci.
5:22 of 3rd period - Stopped by Jimmy Howard with a rebound.
5:32 of 3rd period - Joni Pitkanen is hit by Joe Thornton and loses puck.
6:14 of 3rd period - Dan Girardi is hit by Derick Brassard and loses puck.
6:59 of 3rd period - Slapshot by Antoine Roussel.
6:59 of 3rd period - Shot Misses the Net.
7:01 of 3rd period - Wrist shot by Bobby Ryan.
7:01 of 3rd period - Shot Blocked by Joey Ryan.
7:03 of 3rd period - Slapshot by Kevin Marshall.
7:03 of 3rd period - Shot Misses the Net.
7:23 of 3rd period - Snap shot by Jason Pominville.
7:23 of 3rd period - Shot Blocked by Kevin Marshall.
7:25 of 3rd period - Minor Penalty to Cam Janssen for Tripping.
7:26 of 3rd period - Joe Thornton wins face-off versus Rick Nash in Blackhawks zone.
7:35 of 3rd period - Snap shot by Jason Pominville.
7:35 of 3rd period - Stopped by Jimmy Howard without a rebound.
7:36 of 3rd period - Joe Thornton wins face-off versus Rick Nash in Blackhawks zone.
7:59 of 3rd period - Snap shot by Joe Thornton.
7:59 of 3rd period - Deflect By Mike Cammalleri.
7:59 of 3rd period - Shot Misses the Net.
7:59 of 3rd period - Puck is out of play.
8:00 of 3rd period - Rick Nash wins face-off versus Ryan Getzlaf in Blackhawks zone.
8:28 of 3rd period - Slapshot by Chris Kreider.
8:28 of 3rd period - Stopped by Tuukka Rask with a rebound.
8:36 of 3rd period - Snap shot by Ryan Getzlaf.
8:36 of 3rd period - Stopped by Jimmy Howard without a rebound.
8:37 of 3rd period - Rick Nash wins face-off versus Joe Thornton in Blackhawks zone.
8:46 of 3rd period - Slapshot by Dan Girardi.
8:46 of 3rd period - Shot Blocked by Mike Green.
8:48 of 3rd period - Wrist shot by Joe Thornton.
8:48 of 3rd period - Shot Blocked by Derick Brassard.
8:50 of 3rd period - Wrist shot by Joe Thornton.
8:50 of 3rd period - Goal by Joe Thornton - Blackhawks : 3 - Capitals : 3.
8:51 of 3rd period - Derick Brassard wins face-off versus Joe Thornton in neutral zone.
8:54 of 3rd period - Backhand shot by Mike Green.
8:54 of 3rd period - Deflect By Chris Kreider.
8:54 of 3rd period - Stopped by Tuukka Rask with a rebound.
8:56 of 3rd period - Wrist shot by Chris Kreider.
8:56 of 3rd period - Stopped by Tuukka Rask without a rebound.
8:57 of 3rd period - Joe Thornton wins face-off versus Derick Brassard in Capitals zone.
9:02 of 3rd period - Wrist shot by Chris Kreider.
9:02 of 3rd period - Stopped by Tuukka Rask without a rebound.
9:03 of 3rd period - Joe Thornton wins face-off versus Chris Kreider in Capitals zone.
9:11 of 3rd period - Off-side.
9:12 of 3rd period - Joe Thornton wins face-off versus Chris Kreider in neutral zone.
9:21 of 3rd period - Wrist shot by Joe Thornton.
9:21 of 3rd period - Shot Misses the Net.
9:23 of 3rd period - Slapshot by Jason Pominville.
9:23 of 3rd period - Shot Blocked by Mike Green.
9:25 of 3rd period - Slapshot by Joe Thornton.
9:25 of 3rd period - Shot Blocked by Chris Kreider.
9:29 of 3rd period - Snap shot by Linus Omark.
9:29 of 3rd period - Stopped by Jimmy Howard with a rebound.
9:31 of 3rd period - Snap shot by Jason Pominville.
9:31 of 3rd period - Goal by Jason Pominville - Blackhawks : 3 - Capitals : 4.
9:32 of 3rd period - Joe Thornton wins face-off versus Derick Brassard in neutral zone.
10:09 of 3rd period - Slapshot by Duncan Keith.
10:09 of 3rd period - Deflect By Joe Pavelski.
10:09 of 3rd period - Stopped by Jimmy Howard without a rebound.
10:10 of 3rd period - Joe Thornton wins face-off versus Derick Brassard in Blackhawks zone.
10:27 of 3rd period - Icing by Joni Pitkanen.
10:28 of 3rd period - Derick Brassard wins face-off versus Mike Cammalleri in Blackhawks zone.
10:41 of 3rd period - Snap shot by Chris Kreider.
10:41 of 3rd period - Shot Misses the Net.
10:47 of 3rd period - Snap shot by Derick Brassard.
10:47 of 3rd period - Deflect By Chris Kreider.
10:47 of 3rd period - Shot Misses the Net.
10:47 of 3rd period - Puck is out of play.
10:48 of 3rd period - Tyler Johnson wins face-off versus Joe Thornton in Capitals zone.
11:15 of 3rd period - Linus Omark is hit by Denis Grebeshkov and loses puck.
11:21 of 3rd period - Off-side.
11:22 of 3rd period - Ryan Getzlaf wins face-off versus Peter Regin in neutral zone.
11:31 of 3rd period - Wrist shot by Joe Pavelski.
11:31 of 3rd period - Deflect By Mike Cammalleri.
11:31 of 3rd period - Stopped by Jimmy Howard with a rebound.
11:45 of 3rd period - Snap shot by Cam Janssen.
11:45 of 3rd period - Stopped by Tuukka Rask without a rebound.
11:46 of 3rd period - Derick Brassard wins face-off versus Ondrej Palat in Capitals zone.
11:55 of 3rd period - Wrist shot by Rick Nash.
11:55 of 3rd period - Deflect By Derick Brassard.
11:55 of 3rd period - Shot Misses the Net.
11:55 of 3rd period - Puck is out of play.
11:56 of 3rd period - Joe Thornton wins face-off versus Derick Brassard in Capitals zone.
11:56 of 3rd period - Joe Thornton is hit by Joni Pitkanen.
12:02 of 3rd period - Snap shot by Jason Pominville.
12:02 of 3rd period - Shot Blocked by Mike Green.
12:04 of 3rd period - Snap shot by Jason Pominville.
12:04 of 3rd period - Shot Blocked by Joni Pitkanen.
12:30 of 3rd period - Slapshot by Joe Pavelski.
12:30 of 3rd period - Stopped by Jimmy Howard with a rebound.
12:32 of 3rd period - Minor Penalty to Mike Green for Diving.
12:33 of 3rd period - Rick Nash wins face-off versus Joe Thornton in Blackhawks zone.
13:31 of 3rd period - Derick Brassard is hit by Matt Carle and loses puck.
14:32 of 3rd period - Penalty to Mike Green is over, Mike Green is back on ice.
14:47 of 3rd period - Slapshot by Mikko Koivu.
14:47 of 3rd period - Shot Blocked by Daniel Cleary.
15:01 of 3rd period - Scott Parse is hit by Cam Janssen and loses puck.
15:21 of 3rd period - Wrist shot by Tyler Johnson.
15:21 of 3rd period - Stopped by Tuukka Rask without a rebound.
15:22 of 3rd period - Tyler Johnson wins face-off versus Ryan Getzlaf in Capitals zone.
16:07 of 3rd period - Joe Pavelski is hit by Chris Kreider and loses puck.
16:22 of 3rd period - Joey Ryan is hit by Mason Raymond and loses puck.
16:29 of 3rd period - Snap shot by Zac Rinaldo.
16:29 of 3rd period - Stopped by Tuukka Rask without a rebound.
16:30 of 3rd period - Tomas Fleischmann wins face-off versus Mikko Koivu in Capitals zone.
16:37 of 3rd period - Snap shot by Peter Regin.
16:37 of 3rd period - Stopped by Tuukka Rask without a rebound.
16:38 of 3rd period - Mikko Koivu wins face-off versus Peter Regin in Capitals zone.
16:38 of 3rd period - Mikko Koivu is hit by Peter Regin.
17:03 of 3rd period - Wrist shot by Jason Pominville.
17:03 of 3rd period - Shot Misses the Net.
17:11 of 3rd period - Wrist shot by Jason Pominville.
17:11 of 3rd period - Shot Misses the Net.
17:13 of 3rd period - Wrist shot by Duncan Keith.
17:13 of 3rd period - Deflect By Denis Grebeshkov.
17:13 of 3rd period - Stopped by Jimmy Howard without a rebound.
17:14 of 3rd period - Mikko Koivu wins face-off versus Chris Kreider in Blackhawks zone.
17:25 of 3rd period - Ondrej Palat is hit by Derick Brassard and loses puck.
17:42 of 3rd period - Snap shot by Tyler Johnson.
17:42 of 3rd period - Stopped by Tuukka Rask with a rebound.
17:44 of 3rd period - Snap shot by Antoine Roussel.
17:44 of 3rd period - Stopped by Tuukka Rask with a rebound.
17:46 of 3rd period - Wrist shot by Bobby Ryan.
17:46 of 3rd period - Stopped by Tuukka Rask without a rebound.
17:47 of 3rd period - Linus Omark wins face-off versus Cam Janssen in Capitals zone.
17:53 of 3rd period - Snap shot by Peter Regin.
17:53 of 3rd period - Deflect By Joe Thornton.
17:53 of 3rd period - Stopped by Tuukka Rask with a rebound.
17:55 of 3rd period - Snap shot by Tomas Fleischmann.
17:55 of 3rd period - Shot Misses the Net.
18:38 of 3rd period - Dan Girardi is hit by Denis Grebeshkov and loses puck.
18:45 of 3rd period - Blackhawks, Jimmy Howard is pulled from the net.
19:00 of 3rd period - Minor Penalty to Mark Stone for Slashing.
19:01 of 3rd period - Jason Pominville wins face-off versus Derick Brassard in Capitals zone.
19:27 of 3rd period - Brent Burns is hit by Bobby Ryan and loses puck.
Goals for this period are 0 for Blackhawks vs 3 for Capitals.
Shots for this period are 12 for Blackhawks vs 16 for Capitals.